 Dungeon Crawl Stone Soup version 0.28.0-53-g5a82cb258f (webtiles) character file.

Game seed: 12261277008472021471

486 funkygono the Covered (level 6, 0/56 HPs)
             Began as a Minotaur Fighter on June 29, 2022.
             Slain by Crazy Yiuf
             ... wielding a +3 quarterstaff of chaos
              (1 damage)
             ... on level 4 of the Dungeon.
             The game lasted 00:06:18 (4116 turns).

funkygono the Covered (Minotaur Fighter)            Turns: 4116, Time: 00:06:19

Health: 0/56       AC: 10    Str: 22    XL:     6   Next: 89%
Magic:  0/14       EV:  8    Int:  5    God:
Gold:   189        SH:  4    Dex: 10    Spells: 5/5 levels left

rFire   . . .      SeeInvis .   a - +0 long sword
rCold   . . .      Faith    .   c - +0 buckler
rNeg    . . .      Spirit   +   u - +0 chain mail
rPois   .          Reflect  .   (helmet restricted)
rElec   .          Harm     .   (no cloak)
rCorr   .          Rampage  .   (no gloves)
Will    .....                   (no boots)
Stlth   ..........              t - amulet of guardian spirit
HPRegen 0.18/turn               g - ring of magical power
MPRegen 0.14/turn               (no ring)

@: lethally poisoned (0 -> -30)
A: horns 2, retaliatory headbutt
a: no special abilities


You were on level 4 of the Dungeon.
You visited 1 branch of the dungeon, and saw 4 of its levels.

You collected 189 gold pieces.

Inventory:

Hand Weapons
 a - a +0 long sword (weapon)
Missiles
 e - 5 boomerangs (quivered)
 h - 47 bolts
Armour
 c - a +0 buckler (worn)
 u - a +0 chain mail (worn)
Jewellery
 g - a ring of magical power (left hand)
 t - an amulet of guardian spirit (around neck)
Scrolls
 b - a scroll of fear {unknown}
 f - a scroll of immolation {unknown}
 i - 2 scrolls of amnesia {unknown}
 j - 4 scrolls of teleportation {unknown}
 l - 4 scrolls of vulnerability {unknown}
 m - a scroll of noise {unknown}
 n - a scroll of fog {unknown}
 o - a scroll of holy word {unknown}
 q - a scroll of silence {unknown}
 r - 4 scrolls of identify {unknown}
Potions
 d - a potion of might
 k - a potion of ambrosia {unknown}
 p - a potion of heal wounds {unknown}
 s - a potion of attraction {unknown}
 v - 2 potions of cancellation {unknown}


   Skills:
 + Level 5.5 Fighting
 + Level 5.5 Long Blades
 + Level 5.9 Armour
 + Level 0.9 Dodging
 + Level 0.1 Stealth
 + Level 4.5 Shields


You had 5 spell levels left.
You didn't know any spells.
Your spell library contained the following spells:

 Spells                   Type           Power      Damage    Failure   Level
 Tukima's Dance           Hex            0%         N/A       100%        3
 Passage of Golubria      Tloc           0%         N/A       100%        4
 Alistair's Intoxication  Tmut/Pois      0%         N/A       100%        5
 Borgnjor's Vile Clutch   Necr/Erth      0%         N/A       100%        5
 Yara's Violent Unravell  Hex/Tmut       0%         3d3       100%        5
 Eringya's Noxious Bog    Tmut/Pois      0%         N/A       100%        6


Dungeon Overview and Level Annotations

Branches:
Dungeon (4/15)
 Temple: D:4-7

Altars:

Shops:
D:2 :

Annotations:
D:4 Crazy Yiuf


Innate Abilities, Weirdness & Mutations

You have a pair of horns on your head.
You reflexively headbutt those who attack you in melee.


Message History

Crazy Yiuf shouts!
Crazy Yiuf laughs, "Fluff!
Earwax action poople."
You open the door. You barely miss Crazy Yiuf. You headbutt Crazy Yiuf!
Crazy Yiuf is moderately wounded.
Crazy Yiuf hits you but does no damage.
You are poisoned.
You closely miss Crazy Yiuf.
Crazy Yiuf is moderately wounded.
You feel very sick.
Crazy Yiuf hits you with a +3 quarterstaff of chaos!
You are more poisoned.
You hit Crazy Yiuf but do no damage.
Crazy Yiuf is moderately wounded.
You feel extremely sick.
Crazy Yiuf hits you with a +3 quarterstaff of chaos!
You are lethally poisoned!
You hit Crazy Yiuf but do no damage.
Crazy Yiuf is moderately wounded.
You feel extremely sick.
Crazy Yiuf hits you with a +3 quarterstaff of chaos!
Crazy Yiuf freezes you.
You barely miss Crazy Yiuf. You headbutt Crazy Yiuf.
Crazy Yiuf is moderately wounded.
* * * LOW HITPOINT WARNING * * *
You feel extremely sick.
Crazy Yiuf hits you with a +3 quarterstaff of chaos.
* * * LOW HITPOINT WARNING * * *
Crazy Yiuf freezes you.
* * * LOW HITPOINT WARNING * * *
You slash Crazy Yiuf!
Crazy Yiuf is severely wounded.
* * * LOW HITPOINT WARNING * * *
You feel extremely sick.
Crazy Yiuf hits you with a +3 quarterstaff of chaos.
* * * LOW HITPOINT WARNING * * *
You are more poisoned.
Crazy Yiuf hits you with a +3 quarterstaff of chaos.
Crazy Yiuf freezes you.
You die...

.........# .......###
......## #.###.#
..<#### ...# ########
...#####....#.### ###
....#.#......#..##...#
##.)........####@g...#
#..........## ###..)#
#..#.##.#### ###
#..##...# ..##...##
......#################
#....###....).........#
###.....))#)##.......##
.......).<.####.#...##


You could see Crazy Yiuf.

Vanquished Creatures
  A necrophage (D:3)
  Blork the orc (D:4)
  A hound (D:4)
  A centaur skeleton (D:4)
  An iguana (D:4)
  2 orc wizards (D:4)
  Robin (D:4)
  7 adders
  An adder skeleton (D:4)
  A worm (D:2)
  A dart slug (D:3)
  9 orcs
  9 ball pythons
  8 endoplasms
  A giant cockroach (D:2)
  20 goblins
  13 hobgoblins
  4 jackals
  5 quokkas
  5 bats
  6 frilled lizards
  5 kobolds
  8 rats
111 creatures vanquished.

Notes
Turn   | Place    | Note
-------+----------+-------------------------------------------
     0 | D:1      | funkygono the Minotaur Fighter began the quest for the Orb.
     0 | D:1      | Reached XP level 1. HP: 19/19 MP: 0/0
   153 | D:1      | Reached XP level 2. HP: 24/27 MP: 1/1
  1322 | D:2      | Reached XP level 3. HP: 33/33 MP: 2/2
  1872 | D:2      | Found Zeerawoz's Book Shop.
  1906 | D:2      | Reached XP level 4. HP: 40/41 MP: 3/3
  2385 | D:3      | Found a faded altar of an unknown god.
  2726 | D:3      | Reached XP level 5. HP: 44/47 MP: 4/4
  2824 | D:3      | Noticed a necrophage
  2835 | D:3      | Killed a necrophage
  2836 | D:3      | Reached skill level 5 in Fighting
  2836 | D:3      | Reached skill level 5 in Armour
  3059 | D:4      | Found a runed translucent door.
  3060 | D:4      | Noticed Crazy Yiuf
  3098 | D:4      | Reached XP level 6. HP: 55/56 MP: 5/5
  3123 | D:4      | Noticed Robin
  3229 | D:4      | Killed Robin
  3387 | D:4      | Reached skill level 5 in Long Blades
  3509 | D:4      | Noticed Blork the orc
  3532 | D:4      | Killed Blork the orc
  4116 | D:4      | HP: 2/56 [poisoned by Crazy Yiuf]
  4116 | D:4      | Slain by Crazy Yiuf

Illustrated notes

Levels and vault maps discovered:
D:1:      dpeg_arrival_oval, layout_basic, minmay_bisected
D:2:      kennysheep_the_goblin_king, layout_loops_ring, serial_shops, shop,
          minmay_indecisive_spiral
D:3:      layout_rooms, nicolae_ecumenical_oubliette
D:4:      layout_cave_pools, uniq_robin, uniq_blork_the_orc,
          uniq_crazy_yiuf_cottage

Skill      XL: |  1  2  3  4  5  6 |
---------------+-------------------+-----
Fighting       | 4 5 |  5.5
Armour         | 4 5 |  5.9
Shields        | 4 |  4.5
Long Blades    | 3 4 5 |  5.5
Dodging        | |  0.9
Stealth        | |  0.1

Action                   |  1- 3 |  4- 6 || total
-------------------------+-------+-------++-------
Melee: Long sword        |   107 |   178 ||   285
       Headbutt          |     8 |    20 ||    28
  Use: Potion            |       |     1 ||     1
Armor: Scale mail        |    47 |    88 ||   135
       Chain mail        |       |    31 ||    31
Dodge: Dodged            |    59 |   109 ||   168
Block: Buckler           |    19 |    58 ||    77
